 Dungeon Crawl Stone Soup version 0.26.0-10-g1f06aea511 (webtiles) character file.

Game seed: 11198269349199346111

2 Goblin1989 the Sneak (level 1, -2/18 HPs)
             Began as a Demonspawn Delver on Jan 23, 2021.
             Slain by a gnoll skeleton (4 damage)
             ... in an ossuary.
             The game lasted 00:01:07 (100 turns).

Goblin1989 the Sneak (Demonspawn Delver)             Turns: 100, Time: 00:01:08

Health: -2/18      AC:  3    Str: 12    XL:     1   Next: 33%
Magic:  1/1        EV: 12    Int: 11    God:
Gold:   0          SH:  0    Dex: 14    Spells: 0/0 levels left

rFire    . . .     SeeInvis .   a - +0 hand axe
rCold    . . .     Faith    .   (no shield)
rNeg     . . .     Spirit   .   b - +0 leather armour
rPois    .         Reflect  .   (no helmet)
rElec    .         Harm     .   (no cloak)
rCorr    .         Rampage  .   (no gloves)
Will     .....                  (no boots)
Stlth    ++........             (no amulet)
HPRegen  0.06/turn              (no ring)
MPRegen  0.07/turn              (no ring)

@: no status effects
A: no striking features
a: no special abilities


You were in an ossuary.
You visited 1 branch of the dungeon, and saw 1 of its levels.
You also visited: Ossuary.

Inventory:

Hand Weapons
 a - a +0 hand axe (weapon)
Missiles
 Z - a throwing net {!d , @Q1}
Armour
 b - a +0 leather armour (worn)
Wands
 g - a wand of digging (3) {@v1}
Scrolls
 c - a scroll of fog
 e - a scroll of fear
 M - a scroll of magic mapping
Potions
 f - a potion of haste {@q3,}


   Skills:
 - Level 3.0 Fighting
 + Level 2.0 Axes
 - Level 1.7 Dodging
 - Level 4.5 Stealth


You couldn't memorise any spells.
You didn't know any spells.
Your spell library was empty.

Dungeon Overview and Level Annotations

Branches:
Dungeon (5/15)            Ossuary (1/1)
 Temple: D:4-7

Altars:

Shops:
D:5 (

Annotations:
D:5 Dowan


Message History

[Y]es or [N]o only, please.
Really attack while wielding nothing? [Y]es or [N]o only, please.
Really attack while wielding nothing? [Y]es or [N]o only, please.
Really attack while wielding nothing? [Y]es or [N]o only, please.
Really attack while wielding nothing? [Y]es or [N]o only, please.
Really attack while wielding nothing? [Y]es or [N]o only, please.
Really attack while wielding nothing?
Okay, then.
a - a +0 hand axe (weapon)
You slash the kobold skeleton!
You destroy the kobold skeleton!
You hit the gnoll skeleton. The gnoll skeleton closely misses you.
You hit the gnoll skeleton.
The gnoll skeleton is heavily damaged.
You hit the orc skeleton. The gnoll skeleton barely misses you.
The orc skeleton barely misses you.
You slash the orc skeleton!
You destroy the orc skeleton!
You hit the gnoll skeleton. The gnoll skeleton closely misses you.
You hit the gnoll skeleton.
The gnoll skeleton is severely damaged.
The gnoll skeleton hits you.
You take 1 damage, and have 17/18 hp.
You hit the gnoll skeleton.
You destroy the gnoll skeleton!
Your Axes skill increases to level 2!
Unknown command.
You start resting.
HP restored.
Health restored: 18 3 skeletons come into view.
There is an open gate here.
There is an empty arch of ancient stone here.
You hit the kobold skeleton.
The kobold skeleton is severely damaged.
The kobold skeleton hits you but does no damage.
You barely miss the kobold skeleton.
The kobold skeleton is severely damaged.
The kobold skeleton hits you.
You take 1 damage, and have 17/18 hp.
You hit the kobold skeleton.
You destroy the kobold skeleton!
You completely miss the gnoll skeleton. The gnoll skeleton hits you.
You take 1 damage, and have 16/18 hp.
You hit the gnoll skeleton.
The gnoll skeleton is lightly damaged.
The gnoll skeleton barely misses you.
You hit the gnoll skeleton.
The gnoll skeleton is moderately damaged.
The gnoll skeleton hits you.
You take 6 damage, and have 10/18 hp.
MASSIVE DAMAGE!!
You are too injured to fight recklessly!
You are too injured to fight recklessly!
You are too injured to fight recklessly!
You are too injured to fight recklessly!
You are too injured to fight recklessly!
You are too injured to fight recklessly!
You are too injured to fight recklessly!
You are too injured to fight recklessly!
You are too injured to fight recklessly!
You are too injured to fight recklessly!
You are too injured to fight recklessly!
You are too injured to fight recklessly!
You are too injured to fight recklessly!
You are too injured to fight recklessly!
You are too injured to fight recklessly!
You are too injured to fight recklessly!
You are too injured to fight recklessly!
You are too injured to fight recklessly!
You are too injured to fight recklessly!
You are too injured to fight recklessly!
The gnoll skeleton closely misses you. The gnoll skeleton hits you.
* * * LOW HITPOINT WARNING * * *
You take 3 damage, and have 7/18 hp.
You hit the gnoll skeleton.
The gnoll skeleton is moderately damaged.
The gnoll skeleton hits you.
* * * LOW HITPOINT WARNING * * *
You take 5 damage, and have 2/18 hp.
MASSIVE DAMAGE!!
There is an empty arch of ancient stone here.
You barely miss the gnoll skeleton.
The gnoll skeleton is moderately damaged.
The gnoll skeleton barely misses you.
You completely miss the gnoll skeleton.
The gnoll skeleton is moderately damaged.
The gnoll skeleton hits you.
* * * LOW HITPOINT WARNING * * *
You hit the gnoll skeleton.
The gnoll skeleton is heavily damaged.
The gnoll skeleton closely misses you.
You hit the gnoll skeleton.
The gnoll skeleton is severely damaged.
The gnoll skeleton hits you.
You die...

█...█ █...█
█...█ █...█
█...█ ██∆∆∆██
██.....██
████.......████
█W▓...Z@∩...▓W█
████.......████
██.....██
██...██ ██▓██


█W█ ███ You could see 3 wraiths and a gnoll skeleton.

Vanquished Creatures
  A gnoll skeleton (Ossuary)
  2 kobold skeletons (Ossuary)
  An orc skeleton (Ossuary)
4 creatures vanquished.

Notes
Turn   | Place    | Note
-------+----------+-------------------------------------------
     0 | D:5      | Goblin1989 the Demonspawn Delver began the quest for the
                  | Orb.
     0 | D:5      | Reached XP level 1. HP: 18/18 MP: 1/1
     1 | D:5      | Found Tiocuufe's Antique Weapon Shoppe.
     3 | D:5      | Noticed a worker ant
    17 | D:5      | Noticed Dowan
    23 | D:5      | Found a sand-covered staircase.
    32 | Ossuary  | Entered an ossuary
    32 | Ossuary  | Noticed a wraith
    32 | Ossuary  | Noticed a wraith
    32 | Ossuary  | Noticed a wraith
   100 | Ossuary  | Slain by a gnoll skeleton

Illustrated notes

Levels and vault maps discovered:
D:5:      layout_basic, nicolae_ossuary_entry_monument, serial_shops, shop,
          nicolae_shop_waterfront, shop, kennysheep_mini_moat, uniq_duvessa
Ossuary:  ossuary_due_mausoleum

Skill      XL: |  1 |
---------------+----+-----
Axes           | 2 |  2.0
Fighting       | |  3.0
Dodging        | |  1.7
Stealth        | |  4.5

Action                   || total
-------------------------++-------
Melee: Hand axe          ||    15
Armor: Leather armour    ||     1
Dodge: Dodged            ||     8
